 Dungeon Crawl Stone Soup version 0.29.1-12-g30fa7ad0bf (webtiles) character file.

Game seed: 3902313821663750829

30 hawla the Chiller (level 3, -1/26 HPs)
             Began as a Meteoran Ice Elementalist on Jan 5, 2023.
             Slain by a phantom (7 damage)
             ... on level 3 of the Dungeon.
             The game lasted 00:03:21 (399 turns).

hawla the Chiller (Meteoran Ice Elementalist)        Turns: 399, Time: 00:03:22

Health: -1/26      AC:  2    Str: 10    XL:     3   Next: 58%
Magic:  7/8        EV: 12    Int: 18    God:
Gold:   1          SH:  0    Dex: 14    Spells: 4/8 levels left

rFire   . . .      SeeInvis .   f - +0 short sword
rCold   . . .      Faith    .   (no shield)
rNeg    . . .      Spirit   .   a - +0 robe
rPois   .          Reflect  .   (no helmet)
rElec   .          Harm     .   (no cloak)
rCorr   .          Rampage  .   (no gloves)
Will    .....                   (no boots)
Stlth   +.........              (no amulet)
HPRegen 0.08/turn               (no ring)
MPRegen 0.11/turn               (no ring)

@: glowing
A: sense surroundings 1, otherworldly, glowing, explore regen
a: no special abilities


You were on level 3 of the Dungeon.
You visited 1 branch of the dungeon, and saw 3 of its levels.

You collected 27 gold pieces.
You spent 26 gold pieces at shops.

Inventory:

Hand Weapons
 f - a +0 short sword (weapon)
Armour
 a - a +0 robe (worn)
Jewellery
 g - a ring of magical power
Scrolls
 d - a scroll of identify
Potions
 c - a potion of degeneration


   Skills:
 + Level 2.4 Dodging
 - Level 1.4 Stealth
 + Level 3.3 Spellcasting
 + Level 5.1 Ice Magic


You had 4 spell levels left.
You knew the following spells:

 Your Spells              Type           Power      Damage    Failure   Level
a - Freeze                Ice            84%        1d10      1%          1
b - Frozen Ramparts       Ice            42%        1d7       5%          3

Your spell library contained the following spells:

 Spells                   Type           Power      Damage    Failure   Level
 Ozocubu's Armour         Ice            21%        N/A       5%          3
 Hailstorm                Conj/Ice       12%        3d5       47%         4
 Summon Forest            Summ/Tloc      1%         N/A       99%         5
 Summon Mana Viper        Hex/Summ       3%         N/A       99%         5
 Summon Cactus Giant      Summ           1%         N/A       100%        6


Dungeon Overview and Level Annotations

Branches:
Dungeon (3/15) Zot: 1398

Altars:
Uskayaw

Shops:
D:2 ?


Innate Abilities, Weirdness & Mutations

You passively map a small area around you.
You are easily found by Zot.
You glow in the dark.
You regain HP and MP as you explore.


Message History

You hit the phantom.
The phantom is moderately damaged.
The phantom hits you.
The phantom blinks!
You blink.
You are too injured to fight recklessly!
You are too injured to fight recklessly!
You miss the phantom.
The phantom is moderately damaged.
The phantom hits you.
You hit the phantom.
The phantom is moderately damaged.
The phantom hits you but does no damage.
The phantom barely misses you. The rat bites you but does no damage.
Casting: Freeze (safe; 1% risk of failure)
Confirm with . or Enter, or press ? or * to list all spells.
Aiming: Freeze (safe; 1% risk of failure)
Press: ? - help, Shift-Dir - straight line, f - rat, p - phantom
Aim: a rat You freeze the rat!
You kill the rat!
The phantom misses you.
You hit the phantom but do no damage.
The phantom is moderately damaged.
The phantom barely misses you.
You hit the phantom but do no damage.
The phantom is moderately damaged.
The phantom hits you.
You hit the phantom but do no damage.
The phantom is moderately damaged.
The phantom hits you.
* * * LOW HITPOINT WARNING * * *
Magic courses through your body.
The phantom hits you but does no damage.
Casting: Freeze (safe; 1% risk of failure)
Confirm with . or Enter, or press ? or * to list all spells.
Aiming: Freeze (safe; 1% risk of failure)
Press: ? - help, Shift-Dir - straight line, f - phantom
Aim: a phantom (moderately damaged)
You freeze the phantom but do no damage.
The phantom completely resists.
The phantom hits you!
You die...

, ,#....##....#*##* 8
#..........##.. ,
*#.............# * , ,
*#.[....)....### ^
##############.....# ,
, ........#..........#
....J..<#..........###
,........#.....†......#
.......o#......@..##.#
#########.....W...# ..#
#.<.............# .#
#.....[............# #
#.............###..#
#.............# ##.# ,
#........!....# #.#
..............# .# *
......_###...##


You could see a phantom.

Vanquished Creatures
  An adder (D:2)
  2 orcs (D:2)
  3 giant cockroaches
  2 goblins (D:1)
  A hobgoblin (D:1)
  2 jackals
  2 quokkas (D:1)
  A ball python (D:1)
  A frilled lizard (D:3)
  2 kobolds
  A rat (D:3)
18 creatures vanquished.

Notes
Turn   | Place    | Note
-------+----------+-------------------------------------------
     0 | D:1      | hawla the Meteoran Ice Elementalist began the quest for the
                  | Orb.
     0 | D:1      | Reached XP level 1. HP: 14/14 MP: 5/5
   161 | D:3      | Found a hide-covered altar of Uskayaw.
   164 | D:3      | Noticed a phantom
   168 | D:2      | Reached XP level 2. HP: 19/20 MP: 4/6
   168 | D:2      | Found Goungys's Magic Scroll Shoppe.
   335 | D:2      | Reached skill level 5 in Ice Magic
   335 | D:2      | Reached XP level 3. HP: 20/26 MP: 3/8
   342 | D:2      | Learned a level 3 spell: Frozen Ramparts
   365 | D:2      | Bought a scroll of identify for 26 gold pieces
   399 | D:3      | Slain by a phantom

Illustrated notes

Levels and vault maps discovered:
D:1:      scummos_arrival_checkerplants, layout_loops_cross,
          ebering_ecumenical_altar_mist
D:2:      layout_loops_ring, basic_altar, serial_shops, shop,
          kennysheep_flooded_box, minmay_tetromino_t2
D:3:      layout_basic, overflow_temple_1_default,
          grunt_dithmenos_smoke_and_mirrors, led_xom_imps,
          nicolae_overflow_hallway_of_the_gods, portal_sewer_entry_e,
          uniq_terence, uniq_ijyb

Skill      XL: |  1  2 |
---------------+-------+-----
Spellcasting   | 3 |  3.3
Ice Magic      | 5 |  5.1
Dodging        | |  2.4
Stealth        | |  1.4

Action                   || total
-------------------------++-------
Melee: Short sword       ||    12
 Cast: Freeze            ||    31
       Frozen Ramparts   ||     1
  Use: Potion            ||     2
       Scroll            ||     1
Armor: Robe              ||    10
Dodge: Dodged            ||    26
